 Dungeon Crawl Stone Soup version 0.28.0-43-g3370ac3207 (webtiles) character file.

Game seed: 12245492242707614144

32 protoss039 the Covered (level 3, 0/33 HPs)
             Began as a Minotaur Fighter on Mar 7, 2022.
             Slain by a gnoll
             ... wielding a +0 club
              (6 damage)
             ... on level 2 of the Dungeon.
             The game lasted 00:01:50 (818 turns).

protoss039 the Covered (Minotaur Fighter)            Turns: 818, Time: 00:01:50

Health: 0/33       AC:  7    Str: 22    XL:     3   Next: 8%
Magic:  2/2        EV:  9    Int:  5    God:
Gold:   35         SH:  4    Dex:  9    Spells: 2/2 levels left

rFire   . . .      SeeInvis +   a - +0 war axe
rCold   . . .      Faith    .   c - +0 buckler
rNeg    . . .      Spirit   .   b - +0 scale mail
rPois   .          Reflect  .   (helmet restricted)
rElec   .          Harm     .   (no cloak)
rCorr   .          Rampage  .   (no gloves)
Will    .....                   (no boots)
Stlth   ..........              (no amulet)
HPRegen 0.11/turn               g - ring of see invisible
MPRegen 0.08/turn               (no ring)

@: mighty, lethally poisoned (0 -> -3)
A: horns 2, retaliatory headbutt
a: no special abilities


You were on level 2 of the Dungeon.
You visited 1 branch of the dungeon, and saw 2 of its levels.

You collected 35 gold pieces.

Inventory:

Hand Weapons
 a - a +0 war axe (weapon)
Armour
 b - a +0 scale mail (worn)
 c - a +0 buckler (worn)
Jewellery
 g - a ring of see invisible (left hand)
Scrolls
 e - 4 scrolls of identify {unknown}
 f - a scroll of vulnerability {unknown}
 h - a scroll of holy word {unknown}


   Skills:
 + Level 3.9 Fighting
 * Level 3.2 Axes
 + Level 4.0 Armour
 + Level 4.0 Shields


You had 2 spell levels left.
You didn't know any spells.
Your spell library was empty.

Dungeon Overview and Level Annotations

Branches:
Dungeon (2/15)

Altars:

Shops:
D:1 [


Innate Abilities, Weirdness & Mutations

You have a pair of horns on your head.
You reflexively headbutt those who attack you in melee.


Message History

The gnoll shouts! x2
A gnoll comes into view. It is wielding a +0 club.
A gnoll comes into view. It is wielding a +0 halberd.
The gnoll moves out of view.
The gnoll shouts!
You see here a scroll labelled XAONGOQUSU.
There are monsters nearby!
A ball python comes into view.
The ball python hisses angrily.
You hear a bark!
A ball python comes into view.
A goblin comes into view. It is wielding a +0 dagger.
The gnoll hits you from afar with a +1 halberd of venom!
You are poisoned.
There are monsters nearby!
A jackal comes into view.
Found a book of Misfortune.
You feel sick.
The ball python hisses angrily.
You hear an angry hiss.
The gnoll hits you but does no damage. The gnoll misses you.
You block the gnoll's attack.
There are monsters nearby!
You slash the gnoll! You headbutt the gnoll.
You kill the gnoll!
You hit the gnoll.
You feel sick. The gnoll hits you but does no damage.
You block the gnoll's attack. The gnoll barely misses you.
You block the gnoll's attack.
Your Shields skill increases to level 4!
You have reached level 3!
Your experience leads to an increase in your attributes!
Increase (S)trength, (I)ntelligence, or (D)exterity?
You feel stronger. x2
Unknown command.
You feel sick. The gnoll closely misses you.
Okay, then.
Okay, then.
You feel very mighty all of a sudden.
You feel sick.
The gnoll hits you from afar with a +0 halberd!
* * * LOW HITPOINT WARNING * * *
The gnoll hits you with a +0 club.
You die...

#......:....
#..........# .#
#..........# .#
#..........# .#
#..........# #.#
...#...Sg.....# ..
......gSg.....##.#
#g# #†.# #@# ##.#
#?# #..# #.# ##.##
#.# #..## #.#
##.#<# .. #.#
#..#.# ...# #.#
##.##.#
.....##.###..##.#
#..............#


You could see 3 gnolls, a goblin and 2 ball pythons.

Vanquished Creatures
  A gnoll (D:2)
  A worm (D:1)
  5 bats
  An endoplasm (D:1)
  3 goblins (D:1)
  2 ball pythons (D:1)
  2 frilled lizards (D:1)
  2 kobolds (D:1)
  5 rats (D:1)
22 creatures vanquished.

Notes
Turn   | Place    | Note
-------+----------+-------------------------------------------
     0 | D:1      | protoss039 the Minotaur Fighter began the quest for the
                  | Orb.
     0 | D:1      | Reached XP level 1. HP: 19/19 MP: 0/0
   226 | D:1      | Reached XP level 2. HP: 27/27 MP: 1/1
   623 | D:1      | Found Plog's Antique Armour Shoppe.
   817 | D:2      | Reached XP level 3. HP: 18/33 MP: 2/2
   818 | D:2      | Slain by a gnoll

Illustrated notes

Levels and vault maps discovered:
D:1:      dpeg_arrival_leaves_temple_mockup, layout_loops_ring, serial_shops,
          nicolae_shop_behind_doors, serial_bayou_pond_d, minmay_crystal_water,
          minmay_statues_item, nicolae_wormholes
D:2:      layout_basic, ebering_ecumenical_altar_mist, minmay_pentomino_t4

Skill      XL: |  1  2 |
---------------+-------+-----
Axes           | 3 |  3.2
Armour         | 4 |  4.0
Shields        | 4 |  4.0
Fighting       | |  3.9

Action                   || total
-------------------------++-------
Melee: War axe           ||    52
       Headbutt          ||     5
  Use: Potion            ||     1
Armor: Scale mail        ||    32
Dodge: Dodged            ||    35
Block: Buckler           ||    24
